 Dungeon Crawl Stone Soup version 0.29-a0-8-g0446c0dae4 (webtiles) character file.

Game seed: 6965045434059115382

60 robertstho the Sneak (level 3, -1/18 HPs)
             Began as a Spriggan Conjurer on Jan 27, 2022.
             Killed from afar by a steam dragon (19 damage)
             ... with a ball of steam
             ... on level 3 of the Dungeon.
             The game lasted 00:03:27 (1976 turns).

robertstho the Sneak (Spriggan Conjurer)            Turns: 1976, Time: 00:03:27

Health: -1/18      AC:  2    Str:  3    XL:     3   Next: 80%
Magic:  8/8        EV: 17    Int: 21    God:
Gold:   21         SH:  0    Dex: 13    Spells: 1/7 levels left

rFire   . . .      SeeInvis +   b - +0 dagger
rCold   . . .      Faith    .   (no shield)
rNeg    . . .      Spirit   .   a - +0 robe
rPois   .          Reflect  .   (helmet restricted)
rElec   .          Harm     .   (no cloak)
rCorr   .          Rampage  .   (gloves unavailable)
Will    .....                   (boots unavailable)
Stlth   ++........              (no amulet)
HPRegen 0.06/turn               (no ring)
MPRegen 0.11/turn               (no ring)

@: very quick
A: very small, no large weapons, unfitting armour, see invisible, speed 3
a: no special abilities


You were on level 3 of the Dungeon.
You visited 1 branch of the dungeon, and saw 4 of its levels.

You collected 21 gold pieces.

Inventory:

Hand Weapons
 b - a +0 dagger (weapon)
Armour
 a - a +0 robe (worn)
Scrolls
 d - a scroll of amnesia {unknown}
 f - a scroll of immolation {unknown}
 h - 4 scrolls of identify {unknown}
 i - a scroll of teleportation {unknown}
 j - a scroll of brand weapon {unknown}
 l - a scroll of fear {unknown}
 m - a scroll of enchant weapon {unknown}
Potions
 c - a potion of curing {unknown}
 e - a potion of ambrosia {unknown}
 g - a potion of degeneration {unknown}
 k - a potion of heal wounds {unknown}


   Skills:
 * Level 1.0 Fighting
 + Level 2.7 Dodging
 * Level 4.0 Stealth
 * Level 2.9 Spellcasting
 + Level 3.6 Conjurations


You had one spell level left.
You knew the following spells:

 Your Spells              Type           Power      Damage    Failure   Level
a - Magic Dart            Conj           72%        1d6       3%          1
b - Searing Ray           Conj           36%        2d5       4%          2
c - Dazzling Flash        Conj/Hex       20%        N/A       19%         3

Your spell library contained the following spells:

 Spells                   Type           Power      Damage    Failure   Level
 Slow                     Hex            12%        N/A       14%         1
 Summon Small Mammal      Summ           12%        N/A       14%         1
 Call Canine Familiar     Summ           3%         N/A       38%         3
 Summon Guardian Golem    Hex/Summ       3%         N/A       38%         3
 Fulminant Prism          Conj/Hex       5%         3d7       54%         4
 Iskenderun's Mystic Bla  Conj/Tloc      10%        2d4       54%         4


Dungeon Overview and Level Annotations

Branches:
Dungeon (4/15)
 Temple: D:4-7

Altars:

Shops:
D:1 (

Annotations:
D:3 Grinder


Innate Abilities, Weirdness & Mutations

You are very small and have problems with some larger weapons.
You are too small for most types of armour.
You have supernaturally acute eyesight. (SInv)
You cover ground extremely quickly. (Speed+++)


Message History

Aiming: Magic Dart (safe; 3% risk of failure)
Press: ? - help, Q - select action Shift-Dir - straight line, f/p - giant cockroach
Aim: a giant cockroach (heavily wounded, 100% to hit)
The magic dart hits the giant cockroach.
You kill the giant cockroach!
Your Stealth skill increases to level 4!
Found an escape hatch in the floor.
A frilled lizard comes into view.
There is an escape hatch in the floor here.
The frilled lizard hisses angrily.
Aiming: Magic Dart (safe; 3% risk of failure)
Press: ? - help, Q - select action Shift-Dir - straight line, f - frilled lizard
Aim: a frilled lizard (100% to hit)
The magic dart hits the frilled lizard.
You kill the frilled lizard!
Unknown command.
Aiming: Magic Dart (safe; 3% risk of failure)
Press: ? - help, Q - select action Shift-Dir - straight line, f - you
Okay, then.
Memorise Searing Ray, consuming 2 spell levels and leaving 4?
You start memorising the spell.
You continue memorising. x2
You finish memorising.
Spell assigned to 'b'.
This spell is potentially lethal to cast!
Memorise Dazzling Flash, consuming 3 spell levels and leaving 1?
You start memorising the spell.
You continue memorising. x2
Magic restored.
You continue memorising.
You finish memorising.
Spell assigned to 'c'.
Okay, then.
HP restored.
The steam dragon hisses angrily.
The goblin shouts!
Casting: Magic Dart (safe; 3% risk of failure)
Confirm with . or Enter, or press ? or * to list all spells.
Aiming: Searing Ray (safe; 4% risk of failure)
Press: ? - help, Shift-Dir - straight line, f - you
Okay, then.
The steam dragon breathes steam at you. The ball of steam hits you!!
Ouch! That really hurt!
You die...

#.#.####.#.#
#.g..g. #.#.#
#.#.# #.####.
#.#.# #.#.#
#.#####
#.#.######.#
#......
#.#........#
#..####
#.#############..#
#.#.......g..D...#
#.#.############.#
##.#.@ยงยง.Dg.. .#
#.....####### .#
#..#.## .# #..#...
.# ######## ..


There were no monsters in sight!

Vanquished Creatures
  Jessica (D:2)
  An adder (D:2)
  2 endoplasms (D:1)
  2 giant cockroaches
  A goblin (D:1)
  A hobgoblin (D:1)
  3 quokkas
  2 ball pythons (D:1)
  2 bats (D:1)
  2 frilled lizards
  5 kobolds
  3 rats
25 creatures vanquished.

Vanquished Creatures (others)
  29 plants (D:2)
29 creatures vanquished.

Grand Total: 54 creatures vanquished

Notes
Turn   | Place    | Note
-------+----------+-------------------------------------------
     0 | D:1      | robertstho the Spriggan Conjurer began the quest for the
                  | Orb.
     0 | D:1      | Reached XP level 1. HP: 9/9 MP: 5/5
   360 | D:1      | Found Ystroun's Antique Weapon Emporium.
   364 | D:1      | Reached XP level 2. HP: 13/13 MP: 4/6
   786 | D:1      | Found a faded altar of an unknown god.
  1084 | D:2      | Noticed Jessica
  1089 | D:2      | Killed Jessica
  1090 | D:2      | Reached XP level 3. HP: 17/17 MP: 1/8
  1154 | D:2      | Got Jessica's Grimoire of Bewitchment
  1370 | D:2      | Reached skill level 1 in Fighting
  1715 | D:2      | You fall into a shaft and drop 2 floors!
  1715 | D:4      | Noticed a scorpion
  1719 | D:4      | Noticed a steam dragon
  1748 | D:3      | Noticed Grinder
  1769 | D:3      | Reached skill level 4 in Stealth
  1830 | D:3      | Learned a level 2 spell: Searing Ray
  1834 | D:3      | Learned a level 3 spell: Dazzling Flash
  1976 | D:3      | Killed from afar by a steam dragon

Illustrated notes

Levels and vault maps discovered:
D:1:      dpeg_arrival_signposts, layout_basic, basic_ecumenical_altar,
          serial_shops, shop, minmay_misc_feat_room,
          chequers_serial_rivers_small_b
D:2:      layout_basic, serial_bayou, serial_bayou_pond_d,
          serial_bayou_lagoon_a, serial_bayou_lake_a, serial_bayou_pond_c,
          serial_bayou_pond_c, kennysheep_jessica_study
D:3:      layout_basic, dancing_weapons_uskayaw, jmf_multi_god_temple,
          grunt_ministairs_1, uniq_ijyb, uniq_terence, uniq_grinder
D:4:      layout_rooms, nicolae_yredelemnul_corpse_copse

Skill      XL: |  1  2  3 |
---------------+----------+-----
Conjurations   | 3 |  3.6
Fighting       | 1 |  1.0
Stealth        | 4 |  4.0
Dodging        | |  2.7
Spellcasting   | |  2.9

Action                   || total
-------------------------++-------
Melee: Dagger            ||     8
 Cast: Magic Dart        ||    55
Armor: Robe              ||     1
Dodge: Dodged            ||    11

Table legend: (Time is in decaauts)
 A = Elapsed time spent in this place.
 B = Non-inter-level travel time spent in this place.
 C = Inter-level travel time spent in this place.
 D = Time resting spent in this place.
 E = Time spent auto-exploring this place.
 F = Levels seen in this place.
 G = Mean time per level.
                   A        B        C        D        E       F      G
               +--------+--------+--------+--------+--------+-----+--------+
         Total |   1603 |   1583 |     20 |    221 |   1158 |   4 |  400.8 |
       Dungeon |   1603 |   1583 |     20 |    221 |   1158 |   4 |  400.8 |
               +--------+--------+--------+--------+--------+-----+--------+

Top non-repeatable levels by time:
     D:1: 803 daAuts
     D:2: 598 daAuts
     D:3: 182 daAuts
     D:4: 19 daAuts
